 Dungeon Crawl Stone Soup version 0.17-a0-1078-g243345b (webtiles) character file.

254138 abixa the Executioner (level 20, 0/178 HPs)
             Began as a Hill Orc Fire Elementalist on May 17, 2015.
             Was the Champion of Makhleb.
             Drowned by a water nymph (12 damage)
             ... on level 3 of the Shoals on May 19, 2015.
             The game lasted 04:47:22 (66134 turns).

abixa the Executioner (Hill Orc Fire Elementalist) Turns: 66134, Time: 04:47:22

Health: 0/178      AC: 19    Str: 14    XL:     20   Next: 17%
Magic:  25/30      EV: 19    Int: 21    God:    Makhleb [******]
Gold:   3891       SH:  0    Dex: 11    Spells: 6 memorised, 8 levels left

rFire  . . .     SeeInvis +     C - +8 executioner's axe (holy)
rCold  + . .     Clarity  .     c - +4 ring mail {rC+}
rNeg   . . .     SustAb   .     (no shield)
rPois  .         Gourm    +     I - +2 hat {SInv}
rElec  .         Spirit   .     P - +0 cloak
rCorr  .         Warding  .     z - +0 pair of gloves
rMut   .         Stasis   .     l - +0 pair of boots
MR     ++...                    q - amulet of the gourmand
Stlth  +.........               s - ring of protection from magic
                                D - +5 ring of evasion

@: very resistant to hostile enchantments, very unstealthy
A: repulsion field 1
a: Minor Destruction, Lesser Servant of Makhleb, Major Destruction, Greater
Servant of Makhleb, Renounce Religion
}: 1/15 runes: serpentine


You were on level 3 of the Shoals.
You worshipped Makhleb.
Makhleb was exalted by your worship.
You were not hungry.

You visited 6 branches of the dungeon, and saw 36 of its levels.
You also visited: Labyrinth, Ice Cave and Volcano.

You collected 5132 gold pieces.
You spent 1241 gold pieces at shops.

Inventory:

Hand weapons
 y - a +3 blowgun
 C - a +8 executioner's axe of holy wrath (weapon)
 H - the +9 hand axe of Borchad {freeze, rF++ rN+}
   (You found it in a labyrinth)

   It has been specially enchanted to freeze those struck by it, causing extra
   injury to most foes and up to half again as much damage against particularly
   susceptible opponents.
   It can also slow down cold-blooded creatures.
   It greatly protects you from fire.
   It protects you from negative energy.
 J - a +1 battleaxe of flaming
Missiles
 K - 17 curare-tipped needles
 Z - a throwing net (quivered)
Armour
 c - a +4 ring mail of cold resistance (worn)
 l - a +0 pair of boots (worn)
 z - a +0 pair of gloves (worn)
 I - a +2 hat of see invisible (worn)
 P - a +0 cloak (worn)
Jewellery
 j - an uncursed ring of protection from fire
 k - an uncursed ring of poison resistance
 p - an uncursed amulet of resist mutation
 q - an amulet of the gourmand (around neck)
 s - a ring of protection from magic (right hand)
 t - an uncursed ring of protection from fire
 v - an uncursed ring of protection from magic
 w - an uncursed amulet of warding
 D - a +5 ring of evasion (left hand)
 Q - an uncursed ring of protection from cold
 X - an uncursed amulet of clarity
Magical devices
 b - a wand of disintegration (6)
 g - a wand of enslavement (8)
 B - a wand of digging (4)
Scrolls
 a - a scroll of blinking
 m - 10 scrolls of teleportation
 n - 15 scrolls of remove curse
 x - 6 scrolls of identify
 A - 2 scrolls of magic mapping
 L - 5 scrolls of fog
 M - 7 scrolls of immolation
 S - 3 scrolls of fear
Potions
 d - 6 potions of agility
 e - 6 potions of berserk rage
 h - 5 potions of invisibility
 o - 2 potions of haste
 u - 7 potions of flight
 E - a potion of magic
 F - 8 potions of heal wounds
 N - 9 potions of curing
 O - 2 potions of might
 T - 2 potions of cancellation
 W - a potion of resistance
Miscellaneous
 U - a phial of floods
Comestibles
 V - 10 royal jellies


   Skills:
 - Level 15.0 Fighting
 * Level 23.9 Axes
 - Level 14.0 Armour
 - Level 4.0 Dodging
 - Level 1.5 Stealth
 - Level 4.0 Spellcasting
 - Level 13.0 Conjurations
 - Level 14.0 Fire Magic
 - Level 14.0 Invocations


You had 8 spell levels left.
You knew the following spells:

 Your Spells              Type           Power        Failure   Level  Hunger
a - Flame Tongue          Conj/Fire      #####        1%          1    None
b - Throw Flame           Conj/Fire      ######       1%          2    #......
c - Conjure Flame         Conj/Fire      ######..     1%          3    ###....
d - Sticky Flame          Conj/Fire      ######..     1%          4    ####...
e - Fireball              Conj/Fire      ######....   1%          5    ######.
f - Iskenderun's Mystic   Conj           ######..     1%          4    ####...


Dungeon Overview and Level Annotations

Branches:
Dungeon (15/15)            Temple (1/1) D:7            Lair (8/8) D:10
 Shoals (4/4) Lair:6        Snake (4/4) Lair:4        Slime (0/6) Lair:6
    Orc (4/4) D:10            Elf (0/3) Orc:3        Vaults (0/5) D:13
 Depths (0/5) D:15

Altars:
Ashenzari
Cheibriados
Dithmenos
Elyvilon
Fedhas
Gozag
Kikubaaqudgha
Makhleb
Nemelex Xobeh
Okawaru
Qazlal
Ru
Sif Muna
Trog
Vehumet
Xom
Yredelemnul
Zin
The Shining One
Beogh
Jiyva

Shops:
D:9 :   D:12 ((:*=   D:13 (   Orc:1 (   Orc:2 (   Orc:4 =*!?   Shoals:1 ?
Shoals:2 %%*=

Annotations:
D:8 Ontamu's ghost, experienced GrWz
Lair:6 1 runed door


Innate Abilities, Weirdness & Mutations

You are surrounded by a mild repulsion field (EV +2).


Message History

Aim: a water nymph The sticky flame hits the water nymph.
The water nymph is lightly wounded.
The water nymph is covered in liquid flames!
The water nymph burns!
The water nymph touches you.
* * * LOW HITPOINT WARNING * * *
The water nymph drowns you!
* * * LOW HITPOINT WARNING * * *
You hit the water nymph but do no damage.
The water nymph is moderately wounded.
The flames covering the water nymph go out.
The water nymph stops burning.
The water nymph touches you. The water nymph drowns you!
* * * LOW HITPOINT WARNING * * *
You slash the water nymph!
The water nymph is heavily wounded.
The water nymph touches you.
* * * LOW HITPOINT WARNING * * *
The water nymph drowns you!
You die...

≈≈≈≈≈≈≈≈≈..#...#..###.≈≈≈≈≈≈≈≈≈≈≈≈≈
≈≈≈≈≈≈≈≈...#.....≈##..≈≈≈≈≈≈≈≈≈≈≈≈≈
≈≈≈≈≈≈≈≈≈.........###PP≈.≈≈≈≈≈≈≈≈≈≈
≈≈≈≈≈≈≈≈≈≈..≈≈.))P##PP.≈.≈≈≈≈≈≈≈≈≈≈
....≈≈≈≈≈≈...≈≈.)...%..P≈≈≈≈≈≈≈≈≈≈
.####.≈≈≈≈≈≈≈≈≈.......<..)≈≈≈≈≈≈≈≈
## ##....≈≈≈≈...###...###..≈≈≈≈≈≈≈
##..###.......###...# #..≈≈≈≈≈≈≈
#...# ##..=..≈≈@....###...≈≈≈≈≈≈
##<.[#######...m≈....##...≈≈≈≈≈≈≈
#........##....≈......P.P.≈≈≈≈≈≈≈
##).≈≈..........≈≈≈.......≈≈≈≈≈≈≈≈
)).≈≈≈≈≈.......≈≈≈≈≈≈≈≈..≈≈≈≈≈≈≈≈≈
..≈≈≈≈≈≈≈..≈..≈≈≈≈≈≈≈≈≈≈≈≈≈≈≈≈≈≈≈≈
≈≈)≈≈≈≈≈≈≈≈≈≈≈≈≈≈≈≈≈≈≈≈≈≈≈≈≈≈≈≈≈≈≈
≈≈≈≈≈≈≈≈≈≈≈≈≈≈≈≈≈≈≈≈≈≈≈≈≈≈≈≈≈≈≈≈≈≈
≈≈≈≈≈≈≈≈≈≈≈≈≈≈≈≈≈≈≈≈≈≈≈≈≈≈≈≈≈≈≈≈≈≈


You could see a water nymph.

Vanquished Creatures
  Rupert (Orc:4)
  Asterion (Snake:4)
  Gastronok (D:10)
  11 greater nagas
  A fire giant (D:15)
  Donald (Orc:3)
  Louise (Snake:3)
  A cacodemon (Lair:8)
  A stone giant (D:15)
  Nessos (Orc:4)
  An ettin (D:15)
  A merfolk javelineer (Shoals:4)
  The ghost of DNA the Brawler, a powerful TrWz of Ashenzari (D:12)
  4 merfolk impalers
  A vault guard (D:13)
  2 fire dragons
  A minotaur (Lab)
  Fannar (D:10)
  Harold (Lair:2)
  22 naga warriors
  3 ice dragons
  4 centaur warriors
  5 hydras
  5 merfolk avatars
  Erica (D:9)
  Erolcha (D:7)
  10 anacondas
  3 alligator snapping turtles
  2 ogre magi
  2 merfolk aquamancers
  7 death yaks (Lair:8)
  20 naga sharpshooters
  6 shock serpents
  8 salamander mystics
  An orc high priest (Orc:4)
  A fire crab (Lair:8)
  The ghost of 4Evolution the Grappler, an experienced TrWz of Cheibriados (D:9)
  2 unseen horrors
  11 sea snakes
  A phantasmal warrior (D:13)
  10 naga ritualists
  7 hill giants
  2 ice statues (IceCv)
  Pikel (D:4)
  13 griffons
  7 manticores
  4 orc sorcerers
  2 cyclopes
  4 ugly things
  2 fauns (Shoals:2)
  5 harpies (Shoals:1)
  9 mana vipers
  A water nymph (Shoals:3)
  34 salamanders
  A wizard (D:14)
  49 black mambas
  26 naga magi
  2 centaur zombies
  Maurice (Orc:4)
  2 drowned souls
  9 elephants
  Joseph (D:8)
  5 sirens
  28 spiny frogs
  Psyche (D:10)
  An efreet (D:15)
  5 guardian serpents
  7 komodo dragons
  A yaktaur (D:13)
  6 fire drakes
  10 two-headed ogres
  6 trolls
  A polar bear (Lair:3)
  25 merfolk
  3 wind drakes
  Prince Ribbit (D:5)
  A raven (Shoals:2)
  A slime creature (D:13)
  8 blink frogs
  5 snapping turtles
  3 wyverns
  A trapdoor spider (D:10)
  A hill giant zombie (D:10)
  52 yaks
  2 hogs (D:12)
  2 deep elf magi
  3 fire bats (Lair:3)
  A wraith (D:12)
  A hungry ghost (D:13)
  2 basilisks
  Grum (D:9)
  6 water elementals
  9 wolves
  8 hippogriffs
  6 vampire mosquitoes (D:15)
  A human (D:11)
  22 ice beasts
  57 nagas
  33 water moccasins
  Duvessa (D:4)
  5 sky beasts
  16 orc warriors
  9 porcupines
  5 phantoms
  4 slaves
  4 boggarts (D:15)
  The ghost of 8Evolution the Ruffian, an average TrWz (D:3)
  3 necrophages
  2 wasps
  5 centaurs (D:15)
  14 crocodiles
  11 ogres
  2 big kobolds
  19 giant frogs
  A wyvern zombie (D:13)
  4 scorpions
  2 troll zombies (D:10)
  Dowan (D:5)
  25 killer bees
  11 wights
  6 crimson imps
  2 giant frog zombies
  13 iguanas
  A gnoll shaman (D:7)
  2 giant frog skeletons
  10 jellies
  7 centaur skeletons
  34 orc priests
  11 hounds
  56 orc wizards
  A quasit (D:9)
  11 worker ants
  3 hell rats
  3 sheep
  A killer bee zombie (D:11)
  A hound zombie (D:8)
  5 ogre zombies (D:10)
  A hound skeleton (D:8)
  8 gnolls
  2 worker ant zombies
  21 adders
  52 river rats
  12 white imps (Lair:5)
  7 shadow imps
  7 oozes
  An adder zombie (D:7)
  5 worms
  8 giant geckos
  176 orcs
  3 bat skeletons
  8 giant cockroaches
  22 hobgoblins
  6 jackals
  26 kobolds
  5 ball pythons
  23 bats
  6 giant newts
  23 goblins
  2 goblin zombies (D:10)
  2 hobgoblin skeletons (D:10)
  4 hobgoblin zombies (D:10)
  5 orc skeletons (D:10)
  12 orc zombies (D:10)
  5 quokkas
  A quokka skeleton (D:8)
  A quokka zombie (D:5)
  20 rats
  13 fungi
  17 plants
1483 creatures vanquished.

Vanquished Creatures (collateral kills)
  Kirke (D:12)
  A greater naga (Snake:4)
  The ghost of asdu the Bludgeoner, a powerful HOGl of Elyvilon (Snake:4)
  Aizul (Snake:3)
  A war gargoyle (D:13)
  The ghost of OrbSeeker the Earth Mage, a powerful GrEE of the Shining One (Lair:8)
  Snorg (Lair:3)
  A crystal guardian (D:15)
  A naga warrior (Snake:4)
  A shock serpent (Snake:1)
  A naga sharpshooter (Snake:4)
  An orc sorcerer (Orc:4)
  A salamander (Snake:4)
  A guardian serpent (Snake:4)
  3 black mambas
  A naga mage (Snake:4)
  An orange demon (Orc:4)
  A human (D:12)
  A naga (Snake:4)
  An orc warrior (Orc:4)
  A crocodile (Lair:3)
  3 orc priests (Orc:4)
  3 orc wizards (Orc:4)
  2 orcs (Orc:4)
31 creatures vanquished.

Vanquished Creatures (others)
  2 blizzard demons (Snake:4)
  A green death (Lair:8)
  An unseen horror (D:13)
  A smoke demon (D:15)
  6 drowned souls
  A hellwing (Lair:2)
  A ynoxinul (Lair:2)
  2 neqoxecs
  A human (D:12)
  A water elemental (D:13)
  A giant frog zombie (D:12)
  2 hell rats (Lair:2)
  A sheep (Lair:8)
  A shadow imp (Lair:2)
  A white imp (D:13)
  4 ufetubi (Lair:2)
  An orc (Orc:4)
  7 fungi
  3 plants (Lair:8)
38 creatures vanquished.

Grand Total: 1552 creatures vanquished

Notes
Turn   | Place    | Note
--------------------------------------------------------------
     0 | D:1      | abixa the Hill Orc Fire Elementalist began the quest for the Orb.
     0 | D:1      | Reached XP level 1. HP: 14/14 MP: 3/3
   177 | D:1      | Reached XP level 2. HP: 12/20 MP: 4/4
   181 | D:1      | Learned a level 2 spell: Throw Flame
   398 | D:1      | Reached XP level 3. HP: 9/26 MP: 2/5
  1136 | D:2      | Reached XP level 4. HP: 19/33 MP: 6/6
  2135 | D:3      | Reached skill level 4 in Conjurations
  2135 | D:3      | Reached XP level 5. HP: 3/38 MP: 3/7
  2451 | D:3      | Noticed 8Evolution's ghost (average TrWz)
  2823 | D:3      | Found a deep blue altar of Sif Muna.
  3262 | D:3      | Reached skill level 5 in Fire Magic
  3262 | D:3      | Reached XP level 6. HP: 21/45 MP: 3/8
  3595 | D:3      | Reached skill level 5 in Conjurations
  4115 | D:3      | Found a glowing golden altar of the Shining One.
  4291 | D:3      | Reached XP level 7. HP: 50/50 MP: 6/9
  4458 | D:2      | Learned a level 3 spell: Conjure Flame
  4719 | D:4      | Found a shimmering altar of Xom.
  5055 | D:3      | Reached skill level 6 in Fire Magic
  5241 | D:4      | Reached skill level 1 in Fighting
  6074 | D:4      | Noticed Pikel
  6444 | D:4      | Found a shattered altar of Ashenzari.
  6488 | D:4      | Found an opulent altar of Gozag.
  6489 | D:4      | Found a glowing silver altar of Zin.
  6594 | D:3      | Reached XP level 8. HP: 46/67 MP: 8/10
  6993 | D:5      | Entered Level 5 of the Dungeon
  6993 | D:5      | Noticed Duvessa
  6993 | D:5      | Noticed Dowan
  7048 | D:5      | Killed Dowan
  7231 | D:4      | Killed Duvessa
  7365 | D:5      | Noticed Prince Ribbit
  7711 | D:5      | Found a burning altar of Makhleb.
  7715 | D:5      | Became a worshipper of Makhleb the Destroyer
  7738 | D:5      | Found an iron altar of Okawaru.
  7845 | D:5      | Killed Prince Ribbit
  8128 | D:5      | Reached skill level 7 in Axes
  8275 | D:6      | Acquired Makhleb's first power
  8541 | D:6      | Reached skill level 8 in Axes
  8596 | D:6      | Reached skill level 9 in Axes
  8596 | D:6      | Reached XP level 9. HP: 72/72 MP: 7/11
  8605 | D:6      | Learned a level 4 spell: Sticky Flame
  8832 | D:7      | Found a staircase to the Ecumenical Temple.
  8875 | Temple   | Entered the Ecumenical Temple
  8898 | D:7      | Acquired Makhleb's second power
  8981 | D:7      | Reached skill level 10 in Axes
  9325 | D:8      | Found a radiant altar of Vehumet.
  9346 | D:8      | Noticed Ontamu's ghost (experienced GrWz)
  9363 | D:7      | Reached skill level 11 in Axes
  9634 | D:7      | Reached skill level 12 in Axes
 10142 | D:7      | Acquired Makhleb's third power
 10409 | D:8      | Found a white marble altar of Elyvilon.
 10935 | D:4      | Killed Pikel
 10935 | D:4      | Reached skill level 13 in Axes
 10935 | D:4      | Reached XP level 10. HP: 67/80 MP: 3/12
 11151 | D:3      | Killed 8Evolution's ghost
 11309 | D:8      | Got a warped robe
 11336 | D:8      | Reached skill level 14 in Axes
 11420 | D:8      | Noticed Joseph
 11800 | D:8      | Noticed Erolcha
 12101 | D:7      | Killed Erolcha
 12101 | D:7      | Reached skill level 5 in Fighting
 13650 | D:9      | Found Ygenkicso's Book Emporium.
 14082 | D:8      | Killed Joseph
 14325 | D:9      | Noticed Grum
 14330 | D:9      | Acquired Makhleb's fourth power
 14460 | D:9      | Found a bloodstained altar of Trog.
 14521 | D:9      | Noticed 4Evolution's ghost (experienced TrWz)
 14539 | D:9      | Killed 4Evolution's ghost
 14539 | D:9      | Reached XP level 11. HP: 47/89 MP: 9/15
 14969 | D:9      | Killed Grum
 15063 | D:9      | Noticed Erica
 15074 | D:9      | Killed Erica
 15128 | D:9      | Identified the +0 robe of Objectivity {Slay+3} (You found it on level 8 of the Dungeon)
 15587 | D:10     | Entered Level 10 of the Dungeon
 15688 | D:10     | Found a staircase to the Lair.
 15701 | D:10     | Acquired Makhleb's fifth power
 15710 | D:10     | Noticed Gastronok
 15748 | D:10     | Found a staircase to the Orcish Mines.
 15787 | D:10     | Reached skill level 1 in Invocations
 16057 | D:10     | Noticed Psyche
 16328 | D:10     | Reached skill level 5 in Invocations
 16739 | D:10     | Killed Psyche
 16800 | D:10     | Noticed a hill giant
 16819 | D:10     | Killed a hill giant
 17478 | D:10     | Killed Gastronok
 17478 | D:10     | Reached skill level 15 in Axes
 17478 | D:10     | Reached XP level 12. HP: 86/96 MP: 7/18
 17785 | Lair:1   | Entered Level 1 of the Lair of Beasts
 18200 | Lair:2   | Learned a level 5 spell: Fireball
 18603 | Lair:2   | Noticed Harold
 18616 | Lair:2   | HP: 3/96 [hell rat (12)]
 18996 | Lair:2   | Reached skill level 16 in Axes
 19382 | Lair:2   | Killed Harold
 20282 | Lair:2   | Reached skill level 17 in Axes
 20651 | Lair:3   | Noticed Snorg
 20743 | Lair:3   | Found a dark tunnel.
 20803 | Volcano  | Entered a volcano
 20962 | Volcano  | Noticed an ogre mage
 20970 | Volcano  | Killed an ogre mage
 21159 | Lair:3   | Killed Snorg
 21159 | Lair:3   | Reached skill level 18 in Axes
 21269 | Lair:3   | Reached XP level 13. HP: 87/102 MP: 19/19
 21563 | Lair:3   | Reached skill level 19 in Axes
 22112 | Orc:1    | Entered Level 1 of the Orcish Mines
 22196 | Orc:1    | Noticed Fannar
 22342 | D:10     | Killed Fannar
 22501 | Orc:1    | Found Ditzulaabenn's Antique Weapon Emporium.
 22542 | Orc:1    | Bought a crystal war axe for 153 gold pieces
 22542 | Orc:1    | Identified the +10 war axe of the Pill Bug {flame, *Rage +Inv Str+10} (You bought it in a shop on level 1 of the Orcish Mines)
 22770 | Orc:1    | Found a roughly hewn altar of Beogh.
 23017 | Orc:2    | Found a roughly hewn altar of Beogh.
 23682 | Orc:2    | Found Xycluqyo's Antique Weapon Shoppe.
 23765 | Orc:3    | Found a roughly hewn altar of Beogh.
 23928 | Orc:3    | Found a staircase to the Elven Halls.
 23986 | Orc:3    | Paralysed by an orc sorcerer for 6 turns
 23994 | Orc:3    | HP: 3/102 [orange demon[an orc sorcerer] (3)]
 23994 | Orc:3    | HP: 1/102 [orc/whip (2)]
 24473 | Orc:3    | Noticed Donald
 24493 | Orc:3    | Killed Donald
 24497 | Orc:3    | Upgraded the game from 0.17-a0-1069-g92ad481 to 0.17-a0-1078-g243345b
 24601 | Orc:4    | Entered Level 4 of the Orcish Mines
 24827 | Orc:4    | Reached skill level 20 in Axes
 24869 | Orc:4    | Noticed Maurice
 24970 | Orc:4    | Killed Maurice
 25080 | Orc:4    | Noticed Nessos
 25411 | Orc:4    | Noticed Rupert
 25412 | Orc:4    | Killed Nessos
 26501 | Lair:4   | Reached skill level 10 in Fire Magic
 27174 | Lair:4   | Reached XP level 14. HP: 115/115 MP: 12/20
 27220 | Lair:4   | Found a staircase to the Snake Pit.
 27685 | Lair:5   | Found a frozen archway.
 27687 | Lair:5   | Reached skill level 10 in Conjurations
 27738 | IceCv    | Entered an ice cave
 29119 | Lair:5   | Reached skill level 1 in Armour
 29739 | Lair:6   | Found a runed door.
 29739 | Lair:6   | Found a viscous altar of Jiyva.
 29739 | Lair:6   | Found a staircase to the Slime Pits.
 29739 | Lair:6   | Noticed an acid blob
 30157 | Lair:6   | Found a staircase to the Shoals.
 30456 | Lair:7   | Got a translucent shield
 30463 | Lair:7   | Identified the cursed +0 shield of Awe {rPois rF++} (You found it on level 7 of the Lair of Beasts)
 31386 | Lair:8   | Entered Level 8 of the Lair of Beasts
 31672 | Lair:8   | Found a labyrinth entrance.
 31712 | Lab      | Entered a labyrinth
 32786 | Lab      | Reached skill level 5 in Armour
 32824 | Lab      | Got a brightly glowing hand axe
 32833 | Lair:8   | Identified the +9 hand axe of Borchad {freeze, rF++ rN+} (You found it in a labyrinth)
 33095 | Lair:8   | Noticed OrbSeeker's ghost (powerful GrEE)
 33461 | Lair:8   | Killed OrbSeeker's ghost
 34010 | Lair:8   | Reached XP level 15. HP: 109/121 MP: 21/21
 36123 | Orc:4    | Killed Rupert
 36165 | Orc:4    | Found Matwen's Assorted Antiques.
 36168 | Orc:4    | Found Ceiptyng's Magic Scroll Shop.
 36169 | Orc:4    | Found Vutiz's Distillery.
 36174 | Orc:4    | Found Noqi's Jewellery Boutique.
 36207 | Orc:4    | Bought a scroll of identify for 36 gold pieces
 36207 | Orc:4    | Bought a scroll of identify for 36 gold pieces
 36207 | Orc:4    | Bought a scroll of identify for 36 gold pieces
 36228 | Orc:4    | Bought a scroll of identify for 62 gold pieces
 36228 | Orc:4    | Bought 2 scrolls of identify for 124 gold pieces
 36228 | Orc:4    | Bought a sedimented amethyst potion for 27 gold pieces
 36620 | Lair:2   | Identified a scroll of acquirement
 36761 | D:11     | Noticed Sonja
 36764 | D:11     | Noticed Sonja
 36764 | D:11     | Sonja changed into Sonja the human
 36799 | D:11     | Killed Sonja the human
 37027 | D:11     | Found an opulent altar of Gozag.
 37445 | D:12     | Found Mimnyli's General Store.
 37453 | D:12     | Bought a scroll of identify for 36 gold pieces
 37458 | D:12     | Found Lengui Dojol's Jewellery Shoppe.
 37689 | D:12     | Found Yrref's Book Shop.
 37722 | D:12     | Found Guuff's Antique Weapon Boutique.
 37896 | D:12     | Found Loanuf's Antique Weapon Boutique.
 38023 | D:12     | Noticed DNA's ghost (powerful TrWz)
 38063 | D:12     | Killed DNA's ghost
 38213 | D:12     | Noticed Kirke
 38226 | D:12     | Killed Kirke
 38700 | D:13     | Found Asmem's Weapon Shoppe.
 39616 | D:13     | Reached skill level 10 in Invocations
 39699 | D:13     | Found a gate to the Vaults.
 41077 | D:14     | Reached XP level 16. HP: 130/130 MP: 17/24
 41724 | D:15     | Entered Level 15 of the Dungeon
 41835 | D:15     | Reached skill level 10 in Armour
 42238 | D:15     | Reached skill level 10 in Fighting
 42574 | D:15     | Found a staircase to the Depths.
 42681 | D:13     | Reached XP level 17. HP: 140/144 MP: 25/25
 42999 | D:12     | Bought an uncursed ring of poison resistance for 280 gold pieces
 43172 | Snake:1  | Entered Level 1 of the Snake Pit
 48698 | Snake:2  | Reached XP level 18. HP: 155/157 MP: 27/27
 49171 | Snake:3  | Noticed Aizul
 49381 | Snake:3  | Noticed Louise
 49397 | Snake:3  | Killed Louise
 49403 | Snake:3  | Killed Aizul
 51262 | Shoals:1 | Entered Level 1 of the Shoals
 51493 | Shoals:1 | Found Mionkod's Magic Scroll Boutique.
 52224 | Shoals:2 | Found Yvotus's Jewellery Boutique.
 52489 | Shoals:2 | HP: 7/160 [griffon (6)]
 53183 | Shoals:2 | Found Siuduerph's General Store.
 53202 | Shoals:2 | Bought a potion of beneficial mutation for 385 gold pieces
 53202 | Shoals:2 | Bought a scroll of identify for 22 gold pieces
 53202 | Shoals:2 | Bought a scroll of identify for 22 gold pieces
 53202 | Shoals:2 | Bought a scroll of identify for 22 gold pieces
 53205 | Shoals:2 | Gained mutation: You are surrounded by a mild repulsion field (EV +2). [potion of beneficial mutation]
 53277 | Shoals:2 | Found Neumm's Food Shop.
 53297 | Shoals:2 | Found Oliysk's Food Emporium.
 53356 | Shoals:2 | Found a deep blue altar of Sif Muna.
 53622 | Shoals:2 | Found a bloodstained altar of Trog.
 55213 | Shoals:3 | HP: 8/161 [poisoned by a merfolk]
 56233 | Lair:2   | Learned a level 4 spell: Iskenderun's Mystic Blast
 56789 | D:15     | Reached skill level 15 in Fighting
 56998 | D:15     | Reached XP level 19. HP: 167/170 MP: 29/29
 57988 | Snake:4  | Entered Level 4 of the Snake Pit
 58139 | Snake:4  | Noticed Asterion
 58151 | Snake:4  | Killed Asterion
 58156 | Snake:4  | Noticed asdu's ghost (powerful HOGl)
 59684 | Snake:4  | Reached skill level 21 in Axes
 59750 | Snake:4  | Got a dazzling chain mail
 59751 | Snake:4  | Identified the +3 chain mail of the Alphagorgon {+Fly Str-2 Int+8} (You found it on level 4 of the Snake Pit)
 60092 | Snake:4  | Killed asdu's ghost
 61899 | Snake:3  | Reached skill level 22 in Axes
 63868 | Snake:4  | Reached skill level 23 in Axes
 64648 | Snake:4  | Reached XP level 20. HP: 161/178 MP: 30/30
 65417 | Snake:4  | Got a serpentine rune of Zot
 65923 | Shoals:4 | Entered Level 4 of the Shoals
 66134 | Shoals:3 | Drowned by a water nymph

Vault maps used:
D:1:      minmay_arrival_stone_box, minivault_14
D:3:      tso_altar, overflow_temple_1_default
D:4:      grunt_temple_overflow_gold_and_silver, kennysheep_little_box,
          kennysheep_crisscross, minivault_1, xom_teletrap_fun, uniq_pikel
D:5:      okawaru_metal_pillars_1_2, kennysheep_mini, first_bread,
          minmay_misc_feat_four_crosses, lightli_corner_chamber,
          uniq_prince_ribbit1, uniq_duvessa
D:7:      minmay_temple_entry_glassed_door
D:8:      vehumet_crystals, elyvilon_altar_5, kennysheep_flooded_box,
          uniq_erolcha, uniq_joseph
D:9:      lemuel_doored_altar, serial_shops, nicolae_shop_statue_plus,
          uniq_grum, uniq_erica
D:10:     dpeg_oklobed_lair, zombieorc2_lemuel, uniq_gastronok, uniq_psyche
D:11:     grunt_gozag_statues, uniq_sonja
D:12:     serial_shops, shop, shop, shop_fountains, nicolae_shop_behind_doors,
          shop, uniq_kirke
D:13:     thingy_vault, david_vaults_5, serial_shops, nicolae_shop_stone,
          hangedman_little_slice_of_home, grunt_ministairs_1
D:14:     minivault_27, minmay_misc_feat_chi
D:15:     grunt_enter_depths_hoard, serial_curves, eino_curves_03,
          eino_curves_02, eino_curves_01, minmay_diamond_spiral
Temple:   nicolae_temple_no_exploring_needed
Lair:1:   minivault_23
Lair:2:   uniq_harold
Lair:3:   nicolae_volcano_entry_batcave, uniq_snorg
Lair:4:   beast_lair_carwin_large_4, guppyfry_snake_entry_garden
Lair:5:   portal_ice_cave_entry_imps, grunt_megastairs_3
Lair:6:   elwin_shoals_entry_rocks, slime_altar_2
Lair:8:   hangedman_lair_in_review, lab_entry_generic, bh_autumn_forest_stairs
Shoals:1: serial_shops, shop, nicolae_shoals_cliffside_cave
Shoals:2: serial_shops, nicolae_shop_waterfront, nicolae_shop_statue_plus,
          nicolae_shop_trees, shop_statue, hangedman_feature_mirror,
          nicolae_shoals_siren_and_animal_friends
Shoals:4: shoals_end_hangedman, shoals_ilsuiw_alternative,
          nicolae_shoals_mertower
Snake:2:  cheibrodos_snake_lava_hold, st_stairs_11
Snake:3:  grunt_ministairs_1, uniq_aizul, uniq_louise
Snake:4:  snake_pit, st_stairs_13, nicolae_snake_round_shape_thing,
          grunt_ministairs_1, minmay_snake_pond, uniq_asterion
Orc:1:    serial_shops, shop, basic_altar, uniq_fannar
Orc:2:    minmay_goldmine, serial_shops, shop, basic_altar
Orc:3:    basic_altar, nicolae_orc_pool_cavern, nicolae_orc_sculptors_studio,
          mines4_lemuel, uniq_donald
Orc:4:    st_orc_mages, uniq_rupert, uniq_maurice, uniq_nessos
Lab:      nicolae_lab_statue
IceCv:    ice_cave_small_dragons
Volcano:  volcano_pools

Action                   |  1- 3 |  4- 6 |  7- 9 | 10-12 | 13-15 | 16-18 | 19-21 || total
-------------------------+-------+-------+-------+-------+-------+-------+-------++-------
Melee: Club              |     7 |       |       |       |       |       |       ||     7
       Unarmed           |     6 |       |       |       |       |       |       ||     6
       Short sword       |    83 |    63 |       |       |       |       |       ||   146
       Dagger            |       |   122 |    89 |       |       |       |       ||   211
       Mace              |       |       |   104 |     1 |       |       |       ||   105
       Hand axe          |       |       |   170 |   520 |       |       |       ||   690
       Trident           |       |       |     6 |     6 |       |       |       ||    12
       Battleaxe         |       |       |       |   153 |  1530 |  1135 |    54 ||  2872
       War axe           |       |       |       |       |    10 |       |       ||    10
       Executioner's axe |       |       |       |       |       |       |   635 ||   635
 Fire: Blowgun           |       |       |       |       |       |       |     1 ||     1
Throw: Stone             |       |    15 |    18 |     8 |       |       |       ||    41
       Throwing net      |       |       |       |       |     1 |       |     2 ||     3
 Cast: Flame Tongue      |    25 |    91 |   251 |   203 |   166 |    81 |     7 ||   824
       Conjure Flame     |       |       |    10 |    31 |    40 |     6 |     6 ||    93
       Sticky Flame      |       |       |       |    24 |    87 |    73 |    42 ||   226
       Throw Flame       |       |       |       |       |     9 |     8 |       ||    17
       Fireball          |       |       |       |       |     5 |    79 |    33 ||   117
       Iskenderun's Myst |       |       |       |       |       |     5 |     1 ||     6
Invok: Lesser Servant of |       |       |       |     4 |     2 |     1 |       ||     7
       Major Destruction |       |       |       |     1 |     2 |       |       ||     3
       Greater Servant o |       |       |       |       |     7 |     3 |     8 ||    18
Evoke: Wand              |       |       |       |       |     5 |       |       ||     5
       Phial of floods   |       |       |       |       |     1 |     1 |       ||     2
  Use: Potion            |       |       |     1 |       |     2 |     3 |       ||     6
       Scroll            |       |       |       |    20 |    13 |    14 |     4 ||    51
 Stab: Sleeping          |     2 |       |     1 |     3 |     2 |       |       ||     8
       Paralysed         |       |       |       |       |     2 |       |       ||     2
       Distracted        |       |       |       |       |     2 |     1 |     3 ||     6
  Eat: Chunk             |     1 |    13 |    30 |    51 |    83 |    89 |    32 ||   299
       Beef jerky        |       |       |       |       |       |     3 |     2 ||     5
       Pizza             |       |       |       |       |       |       |     3 ||     3
       Meat ration       |       |       |       |       |       |       |     1 ||     1
